 Dungeon Crawl Stone Soup version 0.29-a0-319-gad05b8d819 (webtiles) character file.

Game seed: 10105270001996711869

43 horus123 the Magician (level 3, -11/26 HPs)
             Began as a Demigod Earth Elementalist on Apr 1, 2022.
             Killed by divine providence
             ... invoked by an orc priest
              (14 damage)
             ... on level 3 of the Dungeon.
             The game lasted 00:03:03 (1542 turns).

horus123 the Magician (Demigod Earth Elementalist)  Turns: 1542, Time: 00:03:06

Health: -11/26     AC:  3    Str: 21    XL:     3   Next: 20%
Magic:  10/10      EV: 12    Int: 21    God:
Gold:   146        SH:  0    Dex: 14    Spells: 4/8 levels left

rFire   . . .      SeeInvis .   n - +1 short sword
rCold   . . .      Faith    .   (no shield)
rNeg    . . .      Spirit   .   b - +0 robe
rPois   .          Reflect  .   (no helmet)
rElec   .          Harm     .   g - +0 cloak
rCorr   .          Rampage  .   (no gloves)
Will    .....                   (no boots)
Stlth   ++........              (no amulet)
HPRegen 0.08/turn               k - +6 ring of strength
MPRegen 0.12/turn               r - +6 ring of strength

@: no status effects
A: high MP 1, forlorn, divine attributes
a: no special abilities


You were on level 3 of the Dungeon.
You visited 1 branch of the dungeon, and saw 3 of its levels.

You collected 146 gold pieces.

Inventory:

Hand Weapons
 n - a +1 short sword (weapon)
Armour
 b - a +0 robe (worn)
 g - a +0 cloak (worn)
Jewellery
 k - a +6 ring of strength (left hand)
 o - a ring of fire
 r - a +6 ring of strength (right hand)
Scrolls
 f - a scroll of identify
 h - a scroll of torment
 p - a scroll of enchant armour {unknown}
 q - a scroll of immolation {unknown}
Potions
 d - 2 potions of heal wounds
 e - a potion of ambrosia {unknown}
 i - a potion of resistance {unknown}
 j - 4 potions of brilliance {unknown}
 l - a potion of mutation {unknown}


   Skills:
 - Level 1.7 Dodging
 - Level 1.7 Stealth
 - Level 3.1 Spellcasting
 - Level 0.8 Transmutations
 + Level 2.8 Earth Magic


You had 4 spell levels left.
You knew the following spells:

 Your Spells              Type           Power      Damage    Failure   Level
a - Sandblast             Erth           30%        2d9       4%          1
b - Stone Arrow           Conj/Erth      18%        3d8       22%         3

Your spell library contained the following spells:

 Spells                   Type           Power      Damage    Failure   Level
 Passwall                 Tmut/Erth      9%         N/A       10%         2
 Sublimation of Blood     Necr           3%         N/A       21%         2
 Petrify                  Tmut/Erth      11%        N/A       52%         4
 Irradiate                Conj/Tmut      2%         3d14      97%         5


Dungeon Overview and Level Annotations

Branches:
Dungeon (3/15)


Innate Abilities, Weirdness & Mutations

You have an increased reservoir of magic. (+10% MP)
You shall have no god before yourself.
Your divine heritage dramatically boosts your attributes as you level up.


Message History

The blast of sand hits the orc.
The orc is heavily wounded.
Unknown command.
Aiming: Sandblast (safe; 4% risk of failure)
Press: ? - help, Q - select action, (/) - cycle Shift-Dir - straight line, f/p - orc
Aim: an orc, wielding a +0 mace (heavily wounded, 79% to hit)
The blast of sand hits the orc!
You kill the orc!
An orc comes into view. It is wielding a +0 club.
Aiming: Sandblast (safe; 4% risk of failure)
Press: ? - help, Q - select action, (/) - cycle Shift-Dir - straight line, f - orc priest
Aim: an orc priest, wielding a +0 whip (79% to hit)
The blast of sand hits the orc priest!
The orc priest is severely wounded.
You now have no stones remaining.
You don't have any stones to cast with.
Unknown command.
Unknown command.
Okay, then.
Magic courses through your body. The adder misses you.
The orc priest invokes the aid of Beogh against you.
Beogh smites you!
* * * LOW HITPOINT WARNING * * *
As you read the scroll labelled KIKANI ILUZET, it crumbles to dust.
It is a scroll of identify.
h - a scroll of torment The adder barely misses you.
A rat comes into view.
The adder barely misses you.
As you read the scroll labelled VENGASHRU FEXEM, it crumbles to dust.
It is a scroll of enchant weapon.
Your +0 short sword glows red for a moment.
The adder misses you.
As you read the scroll of identify, it crumbles to dust.
d - 2 potions of heal wounds The adder closely misses you.
The orc priest calls down the wrath of Beogh upon you.
Beogh smites you!
Ouch! That really hurt!
You die...

............#
..!......$..!#
...........>.
............#########
.............##......
................#
................#
................####
...###@†..#.......#
#S#.####...###
#o..oo#.# ##...#
#..)......# #...##
......#######....#
....#. .........###
....r. ..###......#
....# #....#.## ....
#.......#


You could see an orc priest, an adder, an orc and a rat.

Vanquished Creatures
  2 dart slugs
  2 orcs (D:3)
  4 ball pythons
  An endoplasm (D:1)
  2 giant cockroaches
  2 goblins
  2 hobgoblins (D:1)
  3 quokkas (D:1)
  3 bats
  4 frilled lizards
  9 kobolds
  2 rats (D:1)
36 creatures vanquished.

Notes
Turn   | Place    | Note
-------+----------+-------------------------------------------
     0 | D:1      | horus123 the Demigod Earth Elementalist began the quest for
                  | the Orb.
     0 | D:1      | Reached XP level 1. HP: 14/14 MP: 5/5
    40 | D:1      | Reached skill level 2 in Spellcasting
   196 | D:1      | Reached XP level 2. HP: 20/20 MP: 4/8
   639 | D:1      | Reached skill level 3 in Spellcasting
  1113 | D:2      | Reached XP level 3. HP: 26/26 MP: 6/10
  1117 | D:2      | Learned a level 3 spell: Stone Arrow
  1542 | D:3      | Killed from afar by an orc priest

Illustrated notes

Levels and vault maps discovered:
D:1:      mainiacjoe_arrival_reflecting_pool, layout_rooms
D:2:      layout_basic, minmay_misc_feat_tower
D:3:      layout_rooms, bh_walls_and_bars

Skill      XL: |  1  2 |
---------------+-------+-----
Spellcasting   | 2 3 |  3.1
Dodging        | |  1.7
Stealth        | |  1.7
Transmutations | |  0.8
Earth Magic    | |  2.8

Action                   || total
-------------------------++-------
Melee: Dagger            ||    11
       Punch             ||     1
 Cast: Sandblast         ||    51
  Use: Scroll            ||     3
       Potion            ||     1
Armor: Robe              ||     6
Dodge: Dodged            ||    27

Table legend: (Time is in decaauts)
 A = Elapsed time spent in this place.
 B = Non-inter-level travel time spent in this place.
 C = Inter-level travel time spent in this place.
 D = Time resting spent in this place.
 E = Time spent auto-exploring this place.
 F = Levels seen in this place.
 G = Mean time per level.
                   A        B        C        D        E       F      G
               +--------+--------+--------+--------+--------+-----+--------+
         Total |   1539 |   1500 |     39 |    158 |   1114 |   3 |  513.0 |
       Dungeon |   1539 |   1500 |     39 |    158 |   1114 |   3 |  513.0 |
               +--------+--------+--------+--------+--------+-----+--------+

Top non-repeatable levels by time:
     D:2: 746 daAuts
     D:1: 739 daAuts
     D:3: 53 daAuts
